 Dungeon Crawl Stone Soup version 0.31-a0-667-g39726597b9 (webtiles) character file.

Game seed: 8267895311062619852

10618 dindolion the Carver (level 11, -15/84 HPs)
             Began as a Human Fighter on Sept 4, 2023.
             Was a Believer of the Shining One.
             Killed from afar by Lodul (32 damage)
             ... with a bolt of lightning
             ... on level 10 of the Dungeon.
             The game lasted 00:21:36 (7522 turns).

dindolion the Carver (Human Fighter)                Turns: 7522, Time: 00:21:36

Health: -15/84     AC: 20    Str: 17    XL:     11   Next: 96%
Magic:  14/14      EV:  9    Int:  8    God:    the Shining One [**....]
Gold:   735        SH: 10    Dex: 17    Spells: 14/14 levels left

rFire   . . .        e - +10 zealot's sword {holy, Zealotry, *Rage rN+ EV+3}
rCold   . . .        h - +0 kite shield
rNeg    + + .        l - +0 plate armour
rPois   .            G - +0 helmet
rElec   .            s - +1 cloak
rCorr   .            (no gloves)
SInv    .            J - +2 pair of boots
Will    .....        x - amulet of regeneration Stlth
                     (no ring)
HPRegen 1.14/turn    (no ring)
MPRegen 0.14/turn

%: random rage (20%)
@: about to teleport, on berserk cooldown, slowed, glowing, very slow
A: no striking features
a: Renounce Religion, Divine Shield


You were on level 10 of the Dungeon.
You worshipped the Shining One.
The Shining One was pleased with you.
You visited 2 branches of the dungeon, and saw 11 of its levels.

You collected 735 gold pieces.

Inventory:

Hand Weapons
 a - a +1 long sword
 e - the +10 zealot's sword (weapon) {holy, Zealotry, *Rage rN+ EV+3}
   (You found it on level 2 of the Dungeon)

   Zealotry:  Whenever the wielder enters a berserk rage, their allies are
   berserked alongside them.
   EV+3:      It affects your evasion (+3).
   rN+:       It protects you from negative energy.
   *Rage:     It berserks you when you make melee attacks (+20% chance).
Missiles
 g - 4 javelins
 r - 15 poisoned darts
 C - 3 throwing nets
 D - 6 boomerangs
Armour
 c - a +0 buckler
 h - a +0 kite shield (worn)
 l - a +0 plate armour (worn)
 s - a +1 cloak (worn)
 G - a +0 helmet (worn)
 J - a +2 pair of boots (worn)
Jewellery
 k - a ring of fire
 x - an amulet of regeneration (around neck)
Wands
 v - a wand of flame (33)
 z - a wand of roots (16)
 F - a wand of digging (2)
Scrolls
 p - a scroll of noise {unknown}
 q - 4 scrolls of blinking
 u - 2 scrolls of enchant weapon
 w - a scroll of silence
 y - 2 scrolls of poison
 B - a scroll of amnesia
 E - 3 scrolls of teleportation
 H - a scroll of enchant armour
Potions
 b - a potion of enlightenment {unknown}
 d - a potion of might
 f - a potion of degeneration {unknown}
 i - 3 potions of lignification {unknown}
 j - 3 potions of heal wounds {unknown}
 m - 6 potions of curing
 n - 2 potions of attraction {unknown}
 o - 2 potions of mutation {unknown}
 t - 3 potions of brilliance {unknown}
 A - 2 potions of magic {unknown}


   Skills:
 * Level 7.4 Fighting
 * Level 11.8 Long Blades
 - Level 2.0 Throwing
 * Level 7.9 Armour
 * Level 5.4 Dodging
 + Level 4.6 Stealth
 * Level 6.2 Shields
 * Level 2.4 Spellcasting


You had 14 spell levels left.
You didn't know any spells.
Your spell library contained the following spells:

 Spells                   Type           Power      Damage    Failure   Level
 Blink                    Tloc           0%         N/A       100%        2
 Cigotuvi's Dreadful Rot  Necr/Pois/Air  0%         N/A       100%        2
 Ignite Poison            Fire/Tmut/Pois 0%         N/A       100%        3
 Animate Armour           Summ/Erth      0%         N/A       100%        4
 Manifold Assault         Tloc           0%         N/A       100%        4
 Summon Lightning Spire   Summ/Air       0%         N/A       100%        4
 Freezing Cloud           Conj/Ice/Air   0%         6-21      100%        5
 Lee's Rapid Deconstruct  Erth           0%         3d4*      100%        5


Dungeon Overview and Level Annotations

Branches:
Dungeon (10/15)            Temple (1/1) D:6            Lair (0/5) D:8
    Orc (0/2) D:10

Altars:
Ashenzari
Cheibriados
Dithmenos
Elyvilon
Fedhas
Hepliaklqana
Kikubaaqudgha
Makhleb
Nemelex Xobeh
Okawaru
Qazlal
Ru
Sif Muna
Trog
Uskayaw
Vehumet
Wu Jian
Xom
Yredelemnul
Zin
The Shining One

Shops:
D:8 *

Annotations:
D:10 Lodul


Message History

The ogre is severely wounded.
You block the ogre's attack.
You hit the ogre.
The ogre is almost dead.
You hit the ogre.
The ogre is almost dead.
You slice the ogre!!
You kill the ogre!
The ogre attacks as it pursues you! You block the ogre's attack.
You recover from your berserk rage.
The ogre attacks as it pursues you! The ogre barely misses you.
Electricity crackles from Lodul's apparatus.
The bolt of lightning hits you!! The ogre hits you but does no damage.
Electricity crackles from Lodul's apparatus.
The bolt of lightning hits you!!
* * * LOW HITPOINT WARNING * * *
You hit the ogre.
The ogre is lightly wounded.
The ogre hits you with a +0 giant club!
* * * LOW HITPOINT WARNING * * *
A red film seems to cover your vision as you go berserk!
You feel yourself moving faster!
You feel mighty!
You barely miss the ogre.
The ogre is lightly wounded.
You slice the ogre!!
You kill the ogre!
You feel a strong urge to attack something.
Lodul zaps a wand.
The puff of flame hits you but does no damage.
Things that are here:
a +0 giant club; an ogre corpse You feel your anger nearly subside.
You are no longer berserk.
You are exhausted.
You feel yourself slow down.
You see here a +0 giant club.
As you read the scroll of teleportation, it crumbles to dust.
You feel strangely unstable.
Electricity crackles from Lodul's apparatus.
The bolt of lightning hits you!!
You die...

##...## ##...## .######
#...# ....#.# #..## #
###...####.#############..#
...............#.O..OO)...#
#####.###..###.#O######...#
.[......>.#.##.#.# ..#
###########....#)# .#
#.####@# ## # ###########.#
#.####.# #...........#
#......# .# #.###########
#..#...#... .. #.#
#.........##.# #.#
#...#####..... #.#
#....###...... #.#
#.#...#...# #.# #.##.....#


You could see Lodul and an ogre.

Vanquished Creatures
  2 two-headed ogres (D:10)
  Pikel (D:7)
  Joseph (D:7)
  A hornet (D:7)
  3 trolls
  A wraith (D:10)
  17 yaks
  Grum (D:9)
  3 steam dragons
  Menkaure (D:7)
  3 wargs (D:10)
  Duvessa (D:6)
  2 acid dragons
  3 orc warriors
  2 black bears
  An ice beast (D:6)
  7 ogres
  2 centaurs
  A sky beast (D:7)
  3 wolves (D:9)
  3 phantoms
  A bullfrog (D:7)
  5 scorpions
  7 wights
  Dowan (D:6)
  9 killer bees (D:7)
  A howler monkey (D:7)
  3 orc priests
  3 hounds
  3 sleepcaps (D:6)
  A jelly (D:5)
  A gnoll bouda (D:7)
  6 iguanas
  Ijyb (D:4)
  5 orc wizards
  6 adders
  14 gnolls
  A shadow imp (D:7)
  A white imp (D:7)
  2 worms
  A dart slug (D:1)
  24 orcs
  6 ball pythons
  4 bats
  4 endoplasms
  2 giant cockroaches
  12 hobgoblins
  6 jackals
  4 quokkas
  2 training dummies (D:6)
  4 frilled lizards
  3 goblins
  11 kobolds
  2 rats
215 creatures vanquished.

Notes
Turn   | Place    | Note
-------+----------+-------------------------------------------
     0 | D:1      | dindolion the Human Fighter began the quest for the Orb.
     0 | D:1      | Reached XP level 1. HP: 18/18 MP: 1/1
    53 | D:1      | Reached XP level 2. HP: 17/24 MP: 2/2
   418 | D:1      | Reached XP level 3. HP: 23/29 MP: 3/3
   756 | D:2      | Found the +10 zealot's sword {holy, Zealotry, *Rage rN+
                  | EV+3}
  1449 | D:3      | Found a glowing silver altar of Zin.
  1501 | D:3      | Reached XP level 4. HP: 35/35 MP: 4/4
  1509 | D:3      | Reached skill level 1 in Stealth
  1682 | D:3      | Reached skill level 3 in Long Blades
  2045 | D:4      | Reached XP level 5. HP: 41/41 MP: 5/5
  2081 | D:4      | Reached skill level 1 in Dodging
  2084 | D:4      | Found a blossoming altar of Fedhas.
  2085 | D:4      | Noticed a phantom
  2088 | D:4      | Killed a phantom
  2089 | D:4      | Reached skill level 4 in Long Blades
  2209 | D:4      | Reached XP level 6. HP: 47/47 MP: 6/6
  2268 | D:4      | Noticed Ijyb
  2275 | D:4      | Killed Ijyb
  2689 | D:5      | Entered Level 5 of the Dungeon
  2725 | D:5      | Noticed a black bear
  2731 | D:5      | Killed a black bear
  2732 | D:5      | Reached skill level 5 in Long Blades
  2732 | D:5      | Reached XP level 7. HP: 47/53 MP: 7/7
  2859 | D:5      | Found the +8 Vampire's Tooth {megavamp}
  3238 | D:5      | Reached XP level 8. HP: 59/60 MP: 8/8
  3254 | D:5      | Reached skill level 6 in Long Blades
  3909 | D:6      | Found a shadowy altar of Dithmenos.
  3986 | D:6      | Reached skill level 7 in Long Blades
  4027 | D:6      | Found a staircase to the Ecumenical Temple.
  4039 | Temple   | Entered the Ecumenical Temple
  4048 | Temple   | Became a worshipper of the Shining One
  4179 | D:6      | Reached XP level 9. HP: 64/66 MP: 9/9
  4215 | D:6      | Noticed Duvessa
  4215 | D:6      | Noticed Dowan
  4217 | D:6      | Killed Dowan
  4224 | D:6      | Killed Duvessa
  4225 | D:6      | Reached skill level 5 in Armour
  4351 | D:6      | Found a broken altar of Ashenzari.
  4395 | D:7      | Noticed Menkaure
  4398 | D:7      | Killed Menkaure
  4434 | D:7      | Noticed Joseph
  4441 | D:7      | Killed Joseph
  4442 | D:7      | Reached skill level 5 in Fighting
  4442 | D:7      | Reached skill level 8 in Long Blades
  4692 | D:7      | Noticed Pikel
  4701 | D:7      | Killed Pikel
  4858 | D:7      | Reached XP level 10. HP: 74/74 MP: 10/10
  4885 | D:7      | Reached skill level 9 in Long Blades
  5035 | D:7      | Reached skill level 5 in Shields
  5110 | D:7      | Reached skill level 1 in Throwing
  5145 | D:7      | Reached * piety under the Shining One
  5538 | D:8      | Found a staircase to the Lair.
  5802 | D:8      | Found a hide-covered altar of Uskayaw.
  6023 | D:8      | Reached skill level 10 in Long Blades
  6045 | D:8      | Found Meaquzal's Gadget Gallery.
  6376 | D:9      | Reached XP level 11. HP: 82/82 MP: 10/12
  6384 | D:9      | Reached skill level 1 in Spellcasting
  6440 | D:9      | Reached skill level 11 in Long Blades
  6497 | D:9      | Found a hazy altar of Hepliaklqana.
  6498 | D:9      | Found a shimmering altar of Xom.
  6498 | D:9      | Noticed a Killer Klown
  6499 | D:9      | Noticed a Killer Klown
  6516 | D:9      | Noticed Grum
  6521 | D:9      | Killed Grum
  6625 | D:9      | Reached skill level 5 in Dodging
  6675 | D:9      | Reached ** piety under the Shining One
  7170 | D:10     | Entered Level 10 of the Dungeon
  7185 | D:10     | Noticed a two-headed ogre
  7202 | D:10     | Killed a two-headed ogre
  7327 | D:10     | Found a staircase to the Orcish Mines.
  7431 | D:10     | Noticed a two-headed ogre
  7443 | D:10     | Killed a two-headed ogre
  7497 | D:10     | Noticed Lodul
  7522 | D:10     | Killed from afar by Lodul

Illustrated notes

Levels and vault maps discovered:
D:1:      erik_arrival_triangle_medium, layout_basic
D:2:      layout_basic
D:3:      layout_rooms, amcnicky_altar_gilded, corexii_item_surrounded_by_moat,
          kennysheep_crisscross
D:4:      layout_basic, lemuel_round_altar, uniq_ijyb
D:5:      layout_cave_pods
D:6:      dreamdust_elfheim, layout_loops_ring, mainiacjoe_overflow_big_doors,
          minmay_temple_entry_mini_moons
D:7:      layout_loops_corners, kennysheep_small_circle, uniq_joseph,
          uniq_pikel, uniq_menkaure
D:8:      layout_gridville, nicolae_overflow_crystal_walls, dpeg_oklobed_lair,
          nicolae_shop_gadgets
D:9:      layout_basic, regret_index_temple_of_mockery, uniq_grum
D:10:     kennysheep_steamy, layout_basic, kennysheep_mini_moat,
          david_orc_1_choice, minmay_circle_x, uniq_lodul
Temple:   nicolae_temple_two_arcs

Skill      XL: |  1  2  3  4  5  6  7  8  9 10 11 |
---------------+----------------------------------+-----
Stealth        | 1 2 3 4 |  4.6
Long Blades    | 3 4 5 7 8 10 11 | 11.8
Dodging        | 1 2 3 4 5 |  5.4
Fighting       | 4 5 6 7 |  7.4
Armour         | 4 5 6 7 |  7.9
Shields        | 4 5 6 |  6.2
Throwing       | 2 |  2.0
Spellcasting   | 2 |  2.4

Action                     |  1- 3 |  4- 6 |  7- 9 | 10-12 || total
---------------------------+-------+-------+-------+-------++-------
  Melee: Long sword        |    67 |       |       |       ||    67
         Eudemon blade     |    30 |    60 |   156 |   214 ||   460
    Use: Scroll            |     3 |     5 |     1 |     2 ||    11
         Potion            |       |       |       |     1 ||     1
 Armour: Scale mail        |    62 |     6 |       |       ||    68
         Chain mail        |       |    37 |    74 |    89 ||   200
         Plate armour      |       |       |       |    26 ||    26
  Dodge: Dodged            |    36 |    28 |    58 |    66 ||   188
  Block: Buckler           |    24 |    18 |    39 |    26 ||   107
         Kite shield       |       |       |       |    32 ||    32

Table legend: (Time is in decaauts)
 A = Elapsed time spent in this place.
 B = Non-inter-level travel time spent in this place.
 C = Inter-level travel time spent in this place.
 D = Time resting spent in this place.
 E = Time spent auto-exploring this place.
 F = Levels seen in this place.
 G = Mean time per level.
                   A        B        C        D        E       F      G
               +--------+--------+--------+--------+--------+-----+--------+
         Total |   7815 |   7301 |    514 |      3 |   5671 |  11 |  710.5 |
       Dungeon |   7796 |   7298 |    498 |      3 |   5671 |  10 |  779.6 |
        Temple |     18 |      2 |     16 |      0 |      0 |   1 |   18.0 |
               +--------+--------+--------+--------+--------+-----+--------+

Top non-repeatable levels by time:
     D:7: 1065 daAuts
     D:9: 1013 daAuts
     D:5: 956 daAuts
     D:4: 926 daAuts
     D:6: 813 daAuts
     D:1: 776 daAuts
     D:8: 749 daAuts
     D:2: 589 daAuts
     D:3: 538 daAuts
    D:10: 368 daAuts
  Temple: 18 daAuts
